 Dungeon Crawl Stone Soup version 0.24.1-14-gf8d2b509d9 (webtiles) character file.

Game seed: 4945100463090337813, levelgen mode: deterministic

3294 Borgilos the Basher (level 9, 0/75 HPs)
             Began as a Minotaur Fighter on May 20, 2020.
             Was a Follower of Wu Jian.
             Succumbed to a scorpion's poison
             ... on level 10 of the Dungeon on May 28, 2020.
             The game lasted 01:17:49 (8704 turns).

Borgilos the Basher (Minotaur Fighter)              Turns: 8704, Time: 01:17:51

Health: 0/75       AC: 10    Str: 23    XL:     9   Next: 69%
Magic:  8/8        EV:  9    Int:  5    God:    Wu Jian [*.....]
Gold:   129        SH: 11    Dex: 11    Spells: 8/8 levels left

rFire    + . .     SeeInvis .   D - +3 mace (venom)
rCold    x . .     Gourm    .   c - +0 shield
rNeg     . . .     Faith    .   b - +2 scale mail
rPois    +         Spirit   .   (helmet restricted)
rElec    .         Reflect  .   (no cloak)
rCorr    .         Harm     .   (no gloves)
MR       .....                  (no boots)
Stlth    ..........             (no amulet)
HPRegen  0.22/turn              t - ring of poison resistance
MPRegen  0.11/turn              x - ring of fire

@: lethally poisoned (0 -> -2)
A: retaliatory headbutt, horns 2
a: Renounce Religion


You were on level 10 of the Dungeon.
You worshipped Wu Jian.
Wu Jian was aware of your devotion.
You were hungry.

You visited 2 branches of the dungeon, and saw 11 of its levels.

You collected 462 gold pieces.
You spent 333 gold pieces at shops.

Inventory:

Hand Weapons
 a - a +0 trident
 e - a +0 hunting sling
 q - the +8 great mace "Beastbane" {freeze, rC+, unknown}
   (You bought it in a shop on level 7 of the Dungeon)

   It has been specially enchanted to freeze those struck by it, causing extra
   injury to most foes and up to half again as much damage against particularly
   susceptible opponents.
   It can also slow down cold-blooded creatures.
   It protects you from cold.
 y - a +0 shortbow
 D - a +3 mace of venom (weapon)
 E - a +0 flail
 F - a +0 war axe
Missiles
 g - 30 bolts
 n - 131 stones (quivered)
 r - 7 large rocks
 v - 41 sling bullets
 A - 97 arrows
Armour
 b - a +2 scale mail (worn)
 c - a +0 shield (worn)
 i - a +0 ring mail of fire resistance
Jewellery
 t - a ring of poison resistance (left hand)
 u - an uncursed ring of poison resistance
 x - a ring of fire (right hand)
Scrolls
 h - a scroll of amnesia
 j - 2 scrolls of teleportation
 l - 4 scrolls of remove curse
 o - a scroll of blinking
 p - a scroll of enchant weapon
 C - a scroll of fear
 G - a scroll of noise {unknown}
Potions
 d - a potion of might
 k - a potion of mutation {unknown}
 m - 2 potions of magic
 s - 5 potions of flight
 w - 2 potions of curing {unknown}
 z - a potion of heal wounds {unknown}
 B - a potion of agility {unknown}
Comestibles
 f - 13 rations


   Skills:
 + Level 5.8 Fighting
 + Level 0.9(6.1) Axes
 * Level 8.1 Maces & Flails
 - Level 5.2 Polearms
 * Level 5.1(6.1) Slings
 * Level 4.5(5.5) Throwing
 + Level 7.3 Armour
 + Level 2.9 Dodging
 - Level 0.1 Stealth
 + Level 7.2 Shields


You had 8 spell levels left.
You didn't know any spells.
Your spell library was empty.

Dungeon Overview and Level Annotations

Branches:
Dungeon (10/15)            Temple (1/1) D:5
   Lair: D:8-11         Orc: D:9-12

Altars:
Ashenzari
Cheibriados
Dithmenos
Elyvilon
Fedhas
Gozag
Hepliaklqana
Kikubaaqudgha
Makhleb
Nemelex Xobeh
Okawaru
Qazlal
Ru
Sif Muna
Trog
Uskayaw
Vehumet
Wu Jian
Xom
Zin
The Shining One

Shops:
D:7 (}%[


Innate Abilities, Weirdness & Mutations

You reflexively headbutt those who attack you in melee.
You have a pair of horns on your head.


Message History

You kill the scorpion!
The Council accepts your kill.
The centaur hits you but does no damage. x2
You spin and attack the centaur.
You hit the centaur.
The centaur is poisoned.
Your headbutt misses the centaur.
The centaur is lightly wounded.
* * * LOW HITPOINT WARNING * * *
You feel sick. The centaur closely misses you. You furiously retaliate!
You headbutt the centaur, but do no damage.
You spin to attack the centaur, but your attack speed is too slow for a blow to land.
The centaur hits you but does no damage.
You block the centaur's attack.
You spin and attack the centaur.
You hit the centaur.
The centaur looks as sick as possible!
The centaur is moderately wounded.
You spin and attack the sky beast.
You hit the sky beast.
The sky beast looks as sick as possible!
Your headbutt misses the sky beast.
The sky beast is heavily wounded.
You die...

#####################
.......(((((.........
...s.....<.).........
.######...##...######
#(..##...# #(..##...#
#(..##...#
.######...##.(.######
.......(..@.((.......
.......(.†cY.........
..........KJ.........
.......(...#########Y
.......KK..#
...........#
.....5.c...#
...........#
...........#


You could see a sky beast (pinned), a big kobold, 2 centaurs, a jelly, a crimson
imp and 2 kobolds.

Vanquished Creatures
  A hippogriff (D:7)
  Sigmund (D:6)
  Duvessa (D:6)
  4 sky beasts
  An orc warrior (D:6)
  2 phantoms
  3 centaurs
  4 ogres
  A big kobold (D:10)
  Blork the orc (D:6)
  3 bullfrogs
  Dowan (D:6)
  A scorpion (D:10)
  4 wights (D:7)
  2 howler monkeys (D:7)
  A crimson imp (D:7)
  A jelly (D:3)
  3 hounds
  Crazy Yiuf (D:4)
  3 bullfrog skeletons
  A centaur skeleton (D:4)
  2 orc priests
  5 orc wizards
  Natasha (thrice) (D:4)
  4 worker ants
  A killer bee zombie (D:5)
  A hound skeleton (D:6)
  A howler monkey zombie (D:5)
  A howler monkey skeleton (D:7)
  A gnoll (D:1)
  10 adders
  A shadow imp (D:4)
  An adder zombie (D:5)
  An adder skeleton (D:4)
  2 worms
  5 leopard geckos
  15 orcs
  5 giant cockroaches
  6 goblins
  5 hobgoblins
  4 iguanas
  5 kobolds
  3 quokkas (D:5)
  2 ball pythons
  10 bats
  3 frilled lizards
  A quokka skeleton (D:7)
  6 rats
  2 fungi (D:4)
146 creatures vanquished.

Vanquished Creatures (others)
  A hound (D:5)
1 creature vanquished.

Grand Total: 147 creatures vanquished

Notes
Turn   | Place    | Note
-------+----------+-------------------------------------------
     0 | D:1      | Borgilos the Minotaur Fighter began the quest for the Orb.
     0 | D:1      | Reached XP level 1. HP: 19/19 MP: 0/0
    45 | D:1      | Reached XP level 2. HP: 23/27 MP: 1/1
   489 | D:1      | Found a glowing golden altar of the Shining One.
   647 | D:1      | You fall into a shaft and drop 1 floor!
   653 | D:2      | Reached XP level 3. HP: 33/33 MP: 2/2
  1710 | D:3      | Found a shimmering altar of Xom.
  1766 | D:3      | Reached XP level 4. HP: 21/40 MP: 3/3
  2115 | D:3      | Noticed a centaur
  2125 | D:3      | Killed a centaur
  2125 | D:3      | Reached skill level 5 in Armour
  2125 | D:3      | Reached XP level 5. HP: 22/46 MP: 4/4
  2134 | D:3      | Found a shadowy altar of Dithmenos.
  2727 | D:4      | Noticed Natasha
  2731 | D:4      | Killed Natasha
  2731 | D:4      | Reached skill level 5 in Shields
  2813 | D:4      | Reached skill level 1 in Dodging
  2813 | D:4      | Reached XP level 6. HP: 48/53 MP: 5/5
  2815 | D:4      | Reached skill level 1 in Throwing
  2922 | D:4      | Reached skill level 1 in Slings
  3208 | D:4      | Found a runed translucent door.
  3209 | D:4      | Noticed Crazy Yiuf
  3286 | D:4      | Noticed Natasha
  3294 | D:4      | Killed Natasha
  3396 | D:4      | Reached skill level 5 in Polearms
  3396 | D:4      | Reached XP level 7. HP: 51/60 MP: 6/6
  3437 | D:4      | Noticed Natasha
  3457 | D:4      | Killed Natasha
  3793 | D:4      | Killed Crazy Yiuf
  3845 | D:4      | Found a shimmering altar of Xom.
  3990 | D:5      | Entered Level 5 of the Dungeon
  4077 | D:5      | Reached skill level 1 in Maces & Flails
  4260 | D:5      | Reached skill level 2 in Maces & Flails
  4366 | D:5      | Found a staircase to the Ecumenical Temple.
  4375 | Temple   | Entered the Ecumenical Temple
  4532 | Temple   | Became a worshipper of the Wu Jian Council
  4660 | D:5      | Reached XP level 8. HP: 48/67 MP: 7/7
  4805 | D:5      | Reached skill level 3 in Maces & Flails
  4955 | D:5      | Reached skill level 4 in Maces & Flails
  5023 | D:5      | Reached skill level 5 in Fighting
  5393 | D:6      | Noticed Sigmund
  5397 | D:6      | Noticed Blork the orc
  5860 | D:6      | Reached skill level 5 in Maces & Flails
  6076 | D:6      | Killed Sigmund
  6076 | D:6      | Reached skill level 6 in Maces & Flails
  6076 | D:6      | Reached XP level 9. HP: 67/74 MP: 8/8
  6129 | D:6      | Reached * piety under Wu Jian
  6178 | D:6      | Killed Blork the orc
  6247 | D:6      | Found a blossoming altar of Fedhas.
  6362 | D:6      | You fall into a shaft and drop 1 floor!
  6362 | D:7      | Found Yggan's Food Boutique.
  6362 | D:7      | Found Mygu's Antique Weapon Boutique.
  6790 | D:6      | Noticed Duvessa
  6790 | D:6      | Noticed Dowan
  6804 | D:6      | Killed Duvessa
  6810 | D:6      | Killed Dowan
  7308 | D:7      | Found Lotoguec's Armour Boutique.
  7340 | D:7      | Reached skill level 7 in Maces & Flails
  7475 | D:7      | Found Laadekul's Gadget Boutique.
  8013 | D:7      | Reached skill level 5 in Slings
  8153 | D:7      | Found a shimmering blue altar of Sif Muna.
  8154 | D:7      | Found a snail-covered altar of Cheibriados.
  8331 | D:8      | Found a blossoming altar of Fedhas.
  8401 | D:7      | Bought a crystal great mace for 333 gold pieces
  8650 | D:8      | You fall into a shaft and drop 1 floor!
  8659 | D:10     | Entered Level 10 of the Dungeon
  8681 | D:10     | Reached skill level 8 in Maces & Flails
  8699 | D:10     | HP: 3/75 [centaur (3)]
  8702 | D:10     | HP: 1/75 [poisoned by a scorpion]
  8704 | D:10     | Succumbed to a scorpion's poison

Levels and vault maps discovered:
D:1:      minmay_arrival_jagged, layout_loops_ring, tso_altar
D:2:      layout_basic, corexii_leaking_fountain
D:3:      layout_basic, nicolae_dithmenos_through_a_glass_darkly, first_ration,
          dk_xom_monty_hall
D:4:      minmay_general_purpose_star, layout_basic,
          lemuel_coloured_pillars_altar, st_stairs_14, uniq_crazy_yiuf_cottage,
          uniq_natasha
D:5:      layout_loops_ring, lemuel_temple_firewalk_a
D:6:      layout_basic, fedhas_altar_4, uniq_sigmund, uniq_duvessa,
          uniq_blork_the_orc
D:7:      cheibrodos_quashed, layout_basic, minitemple, minmay_shop_grid_forest
D:8:      layout_basic, overflow_temple_1_default,
          gammafunk_temple_overflow_arena, serial_shops, kennysheep_little_box
D:9:      layout_rooms, serial_shops, shop, ebering_ghost_xom, uniq_erica
D:10:     layout_small_grid, basic_altar
Temple:   regret_index_temple_sphere_string

Skill      XL: |  1  2  3  4  5  6  7  8  9 |
---------------+----------------------------+-----
Fighting       | 4 5 |  5.8
Armour         | 4 5 6 7 |  7.3
Shields        | 4 5 6 7 |  7.2
Polearms       | 3 4 5 |  5.2
Dodging        | 1 2 |  2.9
Throwing       | 1 2 3 4 |  4.5
Slings         | 1 3 4 5 |  5.1
Maces & Flails | 2 6 8 |  8.1
Axes           | |  0.9
Stealth        | |  0.1

Action                   |  1- 3 |  4- 6 |  7- 9 || total
-------------------------+-------+-------+-------++-------
Melee: Trident           |    84 |    98 |    29 ||   211
       Headbutt          |    14 |    22 |    69 ||   105
       Mace              |       |       |   308 ||   308
       War axe           |       |       |    21 ||    21
Throw: Throwing net      |       |       |     1 ||     1
Invok: Lunge             |       |       |    11 ||    11
       Whirlwind         |       |       |    32 ||    32
  Use: Scroll            |     3 |     1 |     9 ||    13
  Eat: Chunk             |     2 |     2 |     7 ||    11
       Ration            |       |     1 |     3 ||     4
Armor: Scale mail        |    51 |    24 |   111 ||   186
Dodge: Dodged            |    23 |    22 |   106 ||   151
Block: Shield            |    49 |    36 |   188 ||   273
